 Dungeon Crawl Stone Soup version 0.24.0-13-gcf9b3192b9 (webtiles) character file.

Game seed: 4188919317861600651, levelgen mode: deterministic

10 Esekla the Skirmisher (level 2, 9/16 HPs)
             Began as a Vine Stalker Abyssal Knight on Nov 10, 2019.
             Was a Follower of Lugonu.
             Got out of the dungeon alive.
             The game lasted 00:02:52 (183 turns).

Esekla the Skirmisher (Vine Stalker Abyssal Knight)  Turns: 183, Time: 00:02:52

Health: 9/16       AC:  3    Str: 14    XL:     2   Next: 20%
Magic:  4/4        EV: 11    Int: 12    God:    Lugonu [*.....]
Gold:   57         SH:  0    Dex: 13    Spells: 1/1 levels left

rFire    . . .     SeeInvis .   a - +1 falchion
rCold    . . .     Gourm    .   (no shield)
rNeg     . . .     Faith    .   b - +0 leather armour
rPois    .         Spirit   +   (no helmet)
rElec    .         Reflect  .   (no cloak)
rCorr    .         Harm     .   (no gloves)
MR       .....                  (no boots)
Stlth    +.........             (no amulet)
HPRegen  0.05/turn              (no ring)
MPRegen  0.09/turn              (no ring)

@: no status effects
A: fangs 2, magic shield, antimagic bite, no potion heal 3, rot immunity
a: Depart the Abyss, Renounce Religion


You escaped.
You worshipped Lugonu.
Lugonu was aware of your devotion.
You were not hungry.

You visited 1 branch of the dungeon, and saw 1 of its levels.
You visited the Abyss 1 time.

You collected 57 gold pieces.

Inventory:

Hand Weapons
 a - a +1 falchion (weapon)
 d - a +0 spear
Armour
 b - a +0 leather armour (worn)
Scrolls
 e - a scroll of identify
 f - a scroll of fog
 g - a scroll of magic mapping {unknown}
Potions
 h - a potion of heal wounds {unknown}
Comestibles
 c - 3 rations


   Skills:
 * Level 3.1 Fighting
 + Level 1.8 Long Blades
 + Level 1.6 Armour
 + Level 0.9 Dodging
 + Level 1.8 Invocations


You had one spell level left.
You didn't know any spells.
Your spell library was empty.

Dungeon Overview and Level Annotations

Branches:
Dungeon (1/15)

Altars:


Innate Abilities, Weirdness & Mutations

You have extremely sharp teeth.
When hurt, damage is shared between your health and your magic reserves.
Your bite disrupts and absorbs the magic of your enemies.
Potions cannot restore your health.
You are immune to rotting.


Message History

You kill the goblin!
Lugonu accepts your kill.
You have reached level 2!
The rat misses you.
You hit the rat. You bite the rat.
You kill the rat!
Lugonu accepts your kill.
A dart slug comes into view.
You see here an emerald potion.
h - an emerald potion You hit the dart slug.
You bite the dart slug, but do no damage.
The dart slug is severely wounded.
The dart slug barely misses you.
You hit the dart slug.
You kill the dart slug!
Lugonu accepts your kill.
There is a staircase leading out of the dungeon here.
Are you sure you want to leave the Dungeon?
This will make you lose the game!
You have escaped!

# #.#####...##..#.##
##.#..............#..
#......#.......#...###
#..##.###.....###..# #.
##..#.......#...#
#..#.......[......##
#.........>#......#
#.##......###.....# #
#.......#@.....##
#...............######
#...#.......#.........
....###.†...###.###....
......#.......#..# ...
.##..............###....
#.###.##..............
#.........###....
#.........# ...


There were no monsters in sight!

Vanquished Creatures
  2 dart slugs (D:1)
  2 bats (D:1)
  A goblin (D:1)
  A rat (D:1)
6 creatures vanquished.

Notes
Turn   | Place    | Note
-------+----------+-------------------------------------------
     0 | Abyss:1  | Esekla the Vine Stalker Abyssal Knight began the quest for
                  | the Orb.
     0 | Abyss:1  | Reached XP level 1. HP: 11/11 MP: 3/3
    55 | Abyss:2  | Noticed a black mamba
    55 | Abyss:2  | a shapeshifter changed into a black mamba
    98 | D:1      | Escaped the Abyss
   147 | D:1      | Reached * piety under Lugonu
   153 | D:1      | Reached skill level 3 in Fighting
   156 | D:1      | Reached XP level 2. HP: 8/16 MP: 4/4
   183 | D:$      | Got out of the dungeon alive.

Levels and vault maps discovered:
D:1:      minmay_arrival_five_plusses, layout_loops_ring

Skill      XL: |  1 |
---------------+----+-----
Fighting       | 3 |  3.1
Long Blades    | |  1.8
Armour         | |  1.6
Dodging        | |  0.9
Invocations    | |  1.8

Action                   || total
-------------------------++-------
Melee: Falchion          ||    16
       Bite              ||     4
Invok: Depart the Abyss  ||     1
  Use: Scroll            ||     1
Armor: Leather armour    ||     9
Dodge: Dodged            ||    14
       Rpst.: Falchion   ||     4
